 Dungeon Crawl Stone Soup version 0.23.0 (webtiles) character file.

Game seed: 12300718800225994363

229 Folque the Digger (level 5, 0/41 HPs)
             Began as a Draconian Earth Elementalist on Feb 12, 2019.
             Slain by a goblin
             ... wielding a +0 club
             ... led by Robin
              (6 damage)
             ... on level 2 of the Dungeon.
             The game lasted 00:06:38 (1931 turns).

Folque the Digger (Draconian Earth Elementalist)    Turns: 1931, Time: 00:06:38

Health: 0/41       AC:  5    Str: 10    XL:     5   Next: 71%
Magic:  8/11       EV: 12    Int: 17    God:
Gold:   81         SH:  0    Dex: 11    Spells: 1/12 levels left

rFire    . . .     SeeInvis .   d - +0 dagger (venom)
rCold    . . .     Gourm    .   (no shield)
rNeg     . . .     Faith    .   (armour unavailable)
rPois    .         Spirit   .   (helmet restricted)
rElec    .         Reflect  .   (no cloak)
rCorr    .         Harm     .   (no gloves)
MR       .....                  (no boots)
Stlth    ++........             (no amulet)
HPRegen  0.13/turn              (no ring)
MPRegen  0.12/turn              (no ring)

@: very slightly contaminated
A: unfitting armour, cold-blooded, AC +5
a: no special abilities


You were on level 2 of the Dungeon.
You were not hungry.

You visited 1 branch of the dungeon, and saw 2 of its levels.

You collected 81 gold pieces.

Inventory:

Hand Weapons
 d - a +0 dagger of venom (weapon)
 o - a +0 club
Missiles
 b - 89 stones (quivered)
Jewellery
 f - an uncursed ring of protection from fire {unknown}
 j - a cursed ring of teleportation {unknown}
Scrolls
 h - a scroll of fear {unknown}
 i - a scroll of remove curse {unknown}
 k - 2 scrolls of immolation
 m - 3 scrolls of identify {unknown}
Potions
 a - a potion of heal wounds {unknown}
 e - a potion of might {unknown}
 g - a potion of magic
 n - a potion of flight {unknown}
Comestibles
 c - 4 rations
 l - 5 chunks of flesh


   Skills:
 - Level 2.2 Fighting
 - Level 1.7 Dodging
 - Level 1.7 Stealth
 * Level 4.1 Spellcasting
 - Level 1.4 Conjurations
 - Level 1.0 Transmutations
 + Level 4.1 Earth Magic


You had one spell level left.
You knew the following spells:

 Your Spells              Type           Power        Failure   Level  Hunger
a - Sandblast             Erth           ###...       2%          1    None
b - Passwall              Tmut/Erth      ##......     9%          2    ##.....
c - Stone Arrow           Conj/Erth      ##....       16%         3    ###....
d - Lee's Rapid Deconstr  Erth           ###.......   61%         5    ######.

Your spell library contained the following spells:

 Spells                   Type           Power        Failure   Level  Hunger
 Petrify                  Tmut/Erth      ##......     47%         4    ####...


Dungeon Overview and Level Annotations

Branches:
Dungeon (2/15)

Altars:
Fedhas
Yredelemnul

Annotations:
D:2 Robin


Innate Abilities, Weirdness & Mutations

Your plain brown scales are hard. (AC +5)
You cannot fit into any form of body armour.
You are cold-blooded and may be slowed by cold attacks.


Message History

The goblin completely misses you.
Casting: Stone Arrow (safe; 16% risk of failure)
Confirm with . or Enter, or press ? or * to list all spells.
Aiming: Stone Arrow (safe; 16% risk of failure)
Press: ? - help, Shift-Dir - straight line, f - Robin
Aim: Robin, wielding a +0 whip, wearing a +0 animal skin and wearing the cursed +0 helmet "Wawnofysk" {rElec MR+ Int+2} You miscast Stone Arrow.
You are very lightly contaminated with residual magic.
You are momentarily dazzled by a flash of light!
The goblin hits you with a +0 dagger.
* * * LOW HITPOINT WARNING * * *
The goblin closely misses you. The goblin misses you.
The goblin hits you with a +0 club.
* * * LOW HITPOINT WARNING * * *
The goblin barely misses you.
As you read the scroll labeled XIJUEN JAWKI, it crumbles to dust.
The creatures around you are filled with an inner flame!
It was a scroll of immolation.
The goblin barely misses you. x3
The goblin hits you with a +0 club.
You die...

### #.#
##########.##........#
...........##........#
.############...?....#
.# #........# .#
####(..g....# .#
...'..gggg..# ÷# ###
#.ggggg..# .###
..########@# ...#
#.#......gg######
##.####.#.#####..#....#
#......#.###....#.##.#
####÷.<......#....##.#
#.....##..#######.#
#.....##..........#
#..........#..#####
#......≈≈≈....#


You could see Robin (inner flame), a hobgoblin (inner flame) and 10 goblins.

Vanquished Creatures
  A sky beast (D:2)
  Jessica (D:2)
  Natasha (twice) (D:2)
  2 adders (D:2)
  2 oozes
  A leopard gecko (D:1)
  2 gnoll zombies (D:2)
  5 goblins
  6 hobgoblins
  4 kobolds
  A quokka (D:2)
  8 bats
  8 frilled lizards
  A rat (D:2)
44 creatures vanquished.

Notes
Turn   | Place    | Note
-------+----------+-------------------------------------------
     0 | D:1      | Folque the Draconian Earth Elementalist began the quest for
                  | the Orb.
     0 | D:1      | Reached XP level 1. HP: 14/14 MP: 3/3
   402 | D:1      | Reached skill level 1 in Fighting
   406 | D:1      | Reached XP level 2. HP: 21/23 MP: 5/5
   749 | D:1      | Learned a level 2 spell: Passwall
  1043 | D:2      | Noticed Natasha
  1047 | D:2      | Noticed a crimson imp
  1056 | D:2      | Killed Natasha
  1056 | D:2      | Reached XP level 3. HP: 7/29 MP: 4/7
  1193 | D:2      | Learned a level 3 spell: Stone Arrow
  1424 | D:2      | Reached XP level 4. HP: 36/36 MP: 8/8
  1456 | D:2      | Noticed a sky beast
  1471 | D:2      | Killed a sky beast
  1471 | D:2      | Reached skill level 1 in Conjurations
  1471 | D:2      | Reached XP level 5. HP: 31/41 MP: 5/10
  1471 | D:2      | Noticed Jessica
  1507 | D:2      | Killed Jessica
  1644 | D:2      | Found a faded altar of an unknown god.
  1723 | D:2      | Found a basalt altar of Yredelemnul.
  1809 | D:2      | Learned a level 5 spell: Lee's Rapid Deconstruction
  1841 | D:2      | Noticed Natasha
  1844 | D:2      | Killed Natasha
  1861 | D:2      | Found a blossoming altar of Fedhas.
  1917 | D:2      | Identified the cursed +0 helmet "Wawnofysk" {rElec MR+
                  | Int+2}
  1917 | D:2      | Noticed Robin
  1931 | D:2      | Slain by a goblin

Skill      XL: |  1  2  3  4  5 |
---------------+----------------+-----
Fighting       | 1 2 |  2.2
Spellcasting   | 3 4 |  4.1
Conjurations   | 1 |  1.4
Earth Magic    | 4 |  4.1
Dodging        | |  1.7
Stealth        | |  1.7
Transmutations | |  1.0

Action                   |  1- 3 |  4- 6 || total
-------------------------+-------+-------++-------
Melee: Unarmed           |    30 |       ||    30
       Dagger            |    52 |    41 ||    93
       Tailslap          |     6 |     2 ||     8
 Cast: Sandblast         |    10 |     4 ||    14
       Stone Arrow       |     1 |     6 ||     7
  Use: Scroll            |       |     1 ||     1
       Potion            |       |     1 ||     1
 Stab: Sleeping          |     3 |     3 ||     6
  Eat: Chunk             |     2 |     2 ||     4
Armor: Skin              |    33 |    26 ||    59
Dodge: Dodged            |    57 |    40 ||    97
